 Dungeon Crawl Stone Soup version 0.19.1 (webtiles) character file.

1136 empire the Magician (level 8, 0/43 HPs)
             Began as a Deep Elf Ice Elementalist on Dec 6, 2016.
             Slain by a gnoll sergeant
             ... wielding a +2 trident of pain
              (9 damage)
             ... on level 4 of the Dungeon.
             The game lasted 00:20:05 (4650 turns).

empire the Magician (Deep Elf Ice Elementalist)     Turns: 4650, Time: 00:20:06

Health: 0/43       AC:  2    Str:  5    XL:     8   Next: 14%
Magic:  14/18      EV: 15    Int: 23    God:
Gold:   193        SH:  0    Dex: 15    Spells: 4 memorised, 6 levels left

rFire  . . .     SeeInvis .     b - +2 mace (protect)
rCold  . . .     Gourm    .     l - +0 robe
rNeg   . . .     Faith    .     (no shield)
rPois  .         Spirit   .     (no helmet)
rElec  .         Reflect  .     (no cloak)
rCorr  .         Harm     .     (no gloves)
MR     .....                    (no boots)
Stlth  +++.......               (no amulet)
                                (no ring)
                                (no ring)

@: very slightly contaminated
A: no striking features
a: no special abilities


You were on level 4 of the Dungeon.
You were not hungry.

You visited 1 branch of the dungeon, and saw 5 of its levels.

You collected 193 gold pieces.

Inventory:

Hand Weapons
 a - a +0 short sword
 b - a +2 mace of protection (weapon)
 u - a +2 flail of holy wrath
 v - a +0 blowgun
 z - a +1 dagger of draining
Missiles
 q - 39 poisoned needles
 s - 61 bolts
 w - 43 arrows
Armour
 l - a +0 robe (worn)
 r - a +2 leather armour of cold resistance
 A - a +2 helmet
Jewellery
 y - an uncursed ring of protection from fire {unknown}
Scrolls
 e - 2 scrolls of fog
 f - 2 scrolls of noise {unknown}
 g - 2 scrolls of immolation {unknown}
 h - 2 scrolls of teleportation {unknown}
 i - 3 scrolls of recharging
 j - a scroll of amnesia {unknown}
 n - a scroll of magic mapping {unknown}
 x - a scroll of blinking {unknown}
Potions
 d - 2 potions of magic
 m - 3 potions of degeneration
Books
 o - a book of Frost

   Spells                             Type                      Level
   a - Freeze                         Ice                          1
   b - Throw Frost                    Conjuration/Ice              2
   c - Ozocubu's Armour               Charms/Ice                   3
   d - Throw Icicle                   Conjuration/Ice              4
   e - Summon Ice Beast               Ice/Summoning                4
Comestibles
 c - 3 bread rations
 k - 2 royal jellies
 p - a beef jerky
 t - a chunk of flesh


   Skills:
 - Level 1.0 Fighting
 + Level 5.6 Dodging
 + Level 5.7 Stealth
 + Level 5.9 Spellcasting
 + Level 3.7 Conjurations
 + Level 4.1 Charms
 + Level 0.9 Summonings
 + Level 5.6 Ice Magic


You had 6 spell levels left.
You knew the following spells:

 Your Spells              Type           Power        Failure   Level  Hunger
a - Freeze                Ice            ####         1%          1    None
b - Ozocubu's Armour      Chrm/Ice       ####....     4%          3    #......
c - Throw Icicle          Conj/Ice       ####....     14%         4    ###....
d - Summon Ice Beast      Ice/Summ       ###.....     24%         4    ###....


Dungeon Overview and Level Annotations

Branches:
Dungeon (5/15)
 Temple: D:4-7

Altars:
Ashenzari

Shops:
D:4 *

Annotations:
D:5 Paps's ghost, amateur HEAE; Prince Ribbit


Message History

The gnoll shouts!
The orc misses you. The gnoll hits you with a spear.
The gnoll sergeant hits you with a trident of pain!
* * * LOW HITPOINT WARNING * * *
You writhe in agony.
* * * LOW HITPOINT WARNING * * *
The gnoll barely misses you. The orc hits you with a club.
* * * LOW HITPOINT WARNING * * *
The gnoll sergeant completely misses you.
You climb upwards.
There is a stone staircase leading down here.
Okay, then.
Casting: Freeze
Confirm with . or Enter, or press ? or * to list all spells.
You miscast Ozocubu's Armour.
You are very lightly contaminated with residual magic.
Nothing appears to happen.
The gnoll closely misses you. The orc barely misses you.
The gnoll sergeant hits you with a trident of pain!
You die...

### ###### #.#
#<....
#.#############.....
#...........[.'.....
#.#############.....
#.#@g...............
#.#og...............
#.####.########.....
#.# ##.########.....
#.# #........##...).
#.###.....##.##.....
#.#...)...##)##.....
#.....)..###.######.
#####....###.#######


You could see a gnoll sergeant, a gnoll and an orc.

Vanquished Creatures
  Grinder (D:4)
  Edmund (D:4)
  A black bear (D:4)
  2 ogres (D:4)
  A phantom (D:4)
  A crimson imp (D:3)
  A hound (D:4)
  An orc priest (D:4)
  2 orc wizards (D:4)
  2 iguanas (D:4)
  5 worker ants (D:4)
  Robin (D:4)
  7 adders
  An ooze (D:3)
  An adder skeleton (D:4)
  2 worms
  3 dart slugs
  2 leopard geckos (D:4)
  18 orcs
  4 giant cockroaches
  15 goblins
  8 hobgoblins
  3 jackals (D:2)
  2 quokkas
  6 bats
  6 frilled lizards
  11 kobolds
  2 rats (D:1)
110 creatures vanquished.

Notes
Turn   | Place    | Note
-------+----------+-------------------------------------------
     0 | D:1      | empire the Deep Elf Ice Elementalist began the quest for the Orb.
     0 | D:1      | Reached XP level 1. HP: 10/10 MP: 6/6
    89 | D:1      | Found a shattered altar of Ashenzari.
   167 | D:1      | Reached XP level 2. HP: 15/15 MP: 6/8
   939 | D:2      | Reached XP level 3. HP: 15/19 MP: 6/10
  1465 | D:3      | Reached XP level 4. HP: 24/24 MP: 9/11
  1640 | D:3      | Learned a level 3 spell: Ozocubu's Armour
  1645 | D:3      | Learned a level 4 spell: Throw Icicle
  1738 | D:3      | Reached XP level 5. HP: 21/28 MP: 9/13
  1961 | D:4      | Noticed a black bear
  1971 | D:4      | Killed a black bear
  1971 | D:4      | Reached skill level 1 in Charms
  2076 | D:4      | Reached XP level 6. HP: 30/33 MP: 10/14
  2124 | D:4      | Reached skill level 1 in Fighting
  2652 | D:4      | Reached skill level 5 in Spellcasting
  2671 | D:4      | Found Hetanyny's Elemental Accessories.
  2675 | D:4      | Reached XP level 7. HP: 28/38 MP: 5/16
  2682 | D:4      | Noticed Grinder
  2705 | D:4      | Paralysed by Grinder for 7 turns
  2728 | D:4      | Paralysed by Grinder for 5 turns
  2742 | D:4      | Killed Grinder
  2742 | D:4      | Reached skill level 5 in Dodging
  2742 | D:4      | Reached skill level 5 in Stealth
  2742 | D:4      | Reached skill level 5 in Ice Magic
  3205 | D:4      | HP: 1/38 [orc/trident (3)]
  3411 | D:4      | Learned a level 4 spell: Summon Ice Beast
  3412 | D:5      | Entered Level 5 of the Dungeon
  3412 | D:5      | Noticed Paps's ghost (amateur HEAE)
  3414 | D:5      | Noticed Prince Ribbit
  3924 | D:4      | Noticed Edmund
  3938 | D:4      | Killed Edmund
  3938 | D:4      | Reached XP level 8. HP: 35/43 MP: 7/18
  4054 | D:4      | Noticed Robin
  4076 | D:4      | Killed Robin
  4650 | D:4      | Slain by a gnoll sergeant

Skill      XL: |  1  2  3  4  5  6  7 |
---------------+----------------------+-----
Dodging        | 3 4 5 |  5.6
Stealth        | 3 4 5 |  5.7
Ice Magic      | 4 5 |  5.6
Spellcasting   | 4 5 |  5.9
Charms         | 1 2 4 |  4.1
Fighting       | 1 |  1.0
Conjurations   | 2 3 |  3.7
Summonings     | |  0.9

Action                   |  1- 3 |  4- 6 |  7- 9 || total
-------------------------+-------+-------+-------++-------
Melee: Unarmed           |     2 |       |       ||     2
       Short sword       |     3 |       |       ||     3
       Mace              |     1 |    15 |    39 ||    55
 Cast: Freeze            |    56 |    70 |    82 ||   208
       Ozocubu's Armour  |       |     3 |     3 ||     6
       Throw Icicle      |       |       |     7 ||     7
       Summon Ice Beast  |       |       |     2 ||     2
  Use: Scroll            |     3 |       |     2 ||     5
       Potion            |     2 |     3 |     1 ||     6
 Stab: Sleeping          |       |     1 |       ||     1
  Eat: Chunk             |     1 |     4 |     6 ||    11
       Beef jerky        |       |       |     1 ||     1
Armor: Robe              |    10 |    23 |     8 ||    41
       Skin              |    22 |       |    16 ||    38
Dodge: Dodged            |    42 |    55 |    71 ||   168
